 Dungeon Crawl Stone Soup version 0.13-a0-2261-g830e84e (webtiles) character file.

143 Bruce the Grave Robber (level 3, 0/19 HPs)
             Began as a Deep Elf Necromancer on July 7, 2013.
             Succumbed to an adder's poison
             ... on Level 2 of the Dungeon.
             The game lasted 00:02:56 (824 turns).

Bruce the Grave Robber (Deep Elf Necromancer)        Turns: 824, Time: 00:02:56

HP   0/19        AC  2     Str  4      XL: 3   Next:  8%
MP   1/10        EV 13     Int 20      God:
Gold 111         SH  0     Dex 16      Spells:  2 memorised,  6 levels left

Res.Fire  : + . .   See Invis. : .   (no weapon)
Res.Cold  : + . .   Warding    : .   a - +0 elf robe
Life Prot.: . . .   Conserve   : .   (no shield)
Res.Poison: +       Res.Corr.  : .   (no helmet)
Res.Elec. : +       Clarity    : .   (no cloak)
Sust.Abil.: . .     Spirit.Shd : .   (no gloves)
Res.Mut.  : .       Stasis     : .   (no boots)
Res.Rott. : .       Flight     : .   (no amulet)
Saprovore : . . .                    (no ring)
                                     (no ring)

@: mildly poisoned, slightly resistant to hostile enchantments, fairly stealthy
A: Str -1, Dex +1
a: no special abilities


You were on level 2 of the Dungeon.
You were not hungry.

You visited 1 branch of the dungeon, and saw 2 of its levels.

You collected 91 gold pieces.

Inventory:

Armour
 a - a +0 elven robe (worn)
Comestibles
 c - 3 bread rations
 d - a pear
 g - a rotting chunk of rat flesh
 m - a meat ration
 n - a rotting chunk of hobgoblin flesh
 q - 2 chunks of quokka flesh
 r - a chunk of giant gecko flesh
Scrolls
 e - a scroll of curse jewellery {unknown}
 i - a scroll of fog {unknown}
 j - a scroll of teleportation {unknown}
 k - a scroll of enchant armour {unknown}
 o - a scroll of magic mapping {unknown}
 p - a scroll of curse armour {unknown}
Potions
 h - a potion of restore abilities
Books
 b - a book of Necromancy

   Spells                             Type                      Level
   *Pain                              Necromancy                   1
   *Animate Skeleton                  Necromancy                   1
   Lethal Infusion                    Charms/Necromancy            2
   Vampiric Draining                  Necromancy                   3
   Regeneration                       Charms/Necromancy            3
   Animate Dead                       Necromancy                   4
   Control Undead                     Necromancy                   4


   Skills:
 - Level 2.4 Dodging
 - Level 2.4 Stealth
 * Level 3.4 Spellcasting
 + Level 5.3 Necromancy


You had 6 spell levels left.
You knew the following spells:

 Your Spells              Type           Power        Failure   Level  Hunger
a - Pain                  Necr           ###.         1%          1    None
t - Animate Skeleton      Necr           N/A          1%          1    None


Dungeon Overview and Level Annotations

Branches:
Dungeon (2/27)

Altars:


Innate Abilities, Weirdness & Mutations

Your muscles are flexible, but weak (Str -1, Dex +1).


Message History

Casting: Pain
Confirm with . or Enter, or press ? or * to list all spells.
Aiming: Pain
Press: ? - help, Shift-Dir - straight line, f - quokka
Aim: a quokka The quokka convulses in agony!
The quokka misses you.
Casting: Pain
Confirm with . or Enter, or press ? or * to list all spells.
Aiming: Pain
Press: ? - help, Shift-Dir - straight line, f/p - quokka
Aim: a quokka (moderately wounded)
The quokka struggles to resist.
The quokka barely misses you.
Casting: Pain
Confirm with . or Enter, or press ? or * to list all spells.
Aiming: Pain
Press: ? - help, Shift-Dir - straight line, f/p - quokka
Aim: a quokka (moderately wounded)
The quokka convulses in agony!
You kill the quokka!
You die...

#.......# ###'##### #.#
#####.#### #........#
#........# #.....)..###
###+### ####
#........<.##........
...###........#.@'........
##............####^.......
#####........# .......
#........# .......
#........# .......
#........# ......
#........# ##+###
###.###### ...# #.##
##.####


There were no monsters in sight!

Vanquished Creatures
  An adder (D:2)
  2 giant geckos
  4 goblins (D:1)
  2 hobgoblins
  2 quokkas (D:2)
  3 bats (D:1)
  3 giant newts
  4 kobolds
  2 rats
23 creatures vanquished.

Vanquished Creatures (others)
  A giant gecko skeleton (D:2)
  A quokka skeleton (D:2)
  A rat skeleton (D:2)
3 creatures vanquished.

Grand Total: 26 creatures vanquished

Notes
Turn   | Place    | Note
--------------------------------------------------------------
     0 | D:1      | Bruce, the Deep Elf Necromancer, began the quest for the Orb.
     0 | D:1      | Reached XP level 1. HP: 10/10 MP: 4/4
    76 | D:1      | Learned a level 1 spell: Animate Skeleton
    99 | D:1      | Reached skill level 5 in Necromancy
   315 | D:1      | Reached XP level 2. HP: 1/15 MP: 3/7
   818 | D:2      | Reached XP level 3. HP: 1/19 MP: 4/10
   820 | D:2      | Gained mutation: Your muscles are flexible, but weak (Str -1, Dex +1). [potion of beneficial mutation]
   824 | D:2      | Succumbed to an adder's poison

Action                   || total
-------------------------++-------
 Cast: Pain              ||    39
       Animate Skeleton  ||     6
  Use: Potion            ||     3
